 Dungeon Crawl Stone Soup version 0.18-a0-1718-g40ea4b6 (webtiles) character file.

1649 Geeful the Frost Mage (level 9, -1/51 HPs)
             Began as an Octopode Ice Elementalist on Apr 8, 2016.
             Was an Initiate of Elyvilon.
             Slain by Snazznasty's ghost (17 damage)
             ... on level 6 of the Dungeon.
             The game lasted 00:30:03 (8498 turns).

Geeful the Frost Mage (Octopode Ice Elementalist)   Turns: 8498, Time: 00:30:03

Health: -1/51      AC: 11    Str:  8    XL:     9   Next: 0%
Magic:  3/17       EV: 15    Int: 20    God:    Elyvilon [......]
Gold:   234        SH:  0    Dex: 15    Spells: 3 memorised, 10 levels left

rFire  + . .     SeeInvis .     d - +2 dagger (elec)
rCold  . . .     Gourm    .     (no shield)
rNeg   . . .     Faith    .     (helmet restricted)
rPois  .         Spirit   .     (no amulet)
rElec  .         Dismiss  .     q - +3 ring of dexterity
rCorr  .         Reflect  .     (no ring)
SustAt .         Harm     .     (no ring)
MR     .....                    (no ring)
Stlth  +++.......               (no ring)
                                (no ring)
                                (no ring)
                                (no ring)

@: icy armour, very slightly contaminated, slow, not resistant to hostile
enchantments, fairly stealthy
A: almost no armour, amphibious, 8 rings, constrict 8, iridescent scales 1,
camouflage 1, fire resistance 1, screaming 1, gelatinous body 1
a: Renounce Religion


You were on level 6 of the Dungeon.
You worshipped Elyvilon.
Elyvilon was noncommittal.
You were hungry.

You visited 1 branch of the dungeon, and saw 6 of its levels.

You collected 234 gold pieces.

Inventory:

Hand Weapons
 d - a +2 dagger of electrocution (weapon)
 s - a +3 hand axe of chopping
Missiles
 o - 2 tomahawks (quivered)
 w - a throwing net
Jewellery
 q - a +3 ring of dexterity (left tentacle)
Wands
 k - a wand of digging (2/24)
Scrolls
 c - a scroll of amnesia {unknown}
 e - 2 scrolls of random uselessness {unknown}
 g - 5 scrolls of teleportation
 i - 2 scrolls of magic mapping
 j - 4 scrolls of remove curse {unknown}
 l - a scroll of identify
 n - a scroll of enchant armour {unknown}
 y - a scroll of recharging {unknown}
Potions
 h - 2 potions of curing
 u - a potion of invisibility
Books
 a - a book of Frost

   Spells                             Type                      Level
   a - Freeze                         Ice                          1
   b - Throw Frost                    Conjuration/Ice              2
   c - Ozocubu's Armour               Charms/Ice                   3
   d - Throw Icicle                   Conjuration/Ice              4
   e - Summon Ice Beast               Ice/Summoning                4
 v - a book of Battle

   Spells                             Type                      Level
   a - Infusion                       Charms                       1
   b - Shroud of Golubria             Charms/Translocation         2
   c - Song of Slaying                Charms                       2
   d - Spectral Weapon                Hexes/Charms                 3
   e - Regeneration                   Charms/Necromancy            3
Comestibles
 b - 3 bread rations
 m - a meat ration
 r - a slice of pizza
 t - 2 beef jerkies
 A - 2 chunks of flesh


   Skills:
 + Level 5.9 Dodging
 - Level 2.6 Stealth
 + Level 5.4 Spellcasting
 - Level 1.0 Conjurations
 * Level 8.3 Ice Magic
 + Level 0.0 Invocations


You had 10 spell levels left.
You knew the following spells:

 Your Spells              Type           Power        Failure   Level  Hunger
a - Freeze                Ice            ####         1%          1    None
b - Throw Icicle          Conj/Ice       ###.....     17%         4    ####...
c - Ozocubu's Armour      Chrm/Ice       ###.....     8%          3    ##.....


Dungeon Overview and Level Annotations

Branches:
Dungeon (6/15)
 Temple: D:4-7

Altars:
Cheibriados
Dithmenos
Elyvilon
Gozag
Okawaru
Qazlal
Ru
Trog
Zin

Annotations:
D:2 exclusion: door
D:6 Snazznasty's ghost, novice TrMo


Innate Abilities, Weirdness & Mutations

You cannot wear most types of armour.
You are amphibious.
You can wear up to eight rings at the same time.
You can use your tentacles to constrict eight enemies at once.
Your skin changes colour to match your surroundings (Stealth).
Your rubbery body absorbs attacks (AC +1).
You are partially covered in iridescent scales (AC +4).
Your flesh is heat resistant.
You occasionally shout uncontrollably at your foes.


Message History

The shard of ice hits Snazznasty's ghost.
Snazznasty's ghost is heavily damaged.
Snazznasty's ghost barely misses you.
Casting: Throw Icicle
Confirm with . or Enter, or press ? or * to list all spells.
Aiming: Throw Icicle
Press: ? - help, Shift-Dir - straight line, f/p - Snazznasty's ghost
Aim: Snazznasty's ghost (heavily damaged)
You miscast Throw Icicle.
You are very lightly contaminated with residual magic.
Nothing appears to happen.
Snazznasty's ghost misses you.
Casting: Throw Icicle
Confirm with . or Enter, or press ? or * to list all spells.
Aiming: Throw Icicle
Press: ? - help, Shift-Dir - straight line, f/p - Snazznasty's ghost
Aim: Snazznasty's ghost (heavily damaged)
The shard of ice hits Snazznasty's ghost.
Snazznasty's ghost is severely damaged.
Snazznasty's ghost hits you!
You die...

..#................#...#....#
#.................##'##....#
#.######...####...##.(#....#
##..####...####...##(.#....#
#......#......#.......#....#
#......#......+.......#....#
##....##########..#####....#
##....##..##.###W.##..#
#..............@......+
#..............#......#
####################..# #


You could see Snazznasty's ghost.

Vanquished Creatures
  Menkaure (D:4)
  A phantom (D:5)
  2 ogres
  The ghost of Snazznasty the Grave Robber, an amateur DsNe (D:3)
  2 centaurs (D:5)
  A scorpion (D:4)
  A howler monkey (D:4)
  A crimson imp (D:4)
  A giant frog skeleton (D:5)
  An orc priest (D:4)
  A hound (D:4)
  2 centaur skeletons (D:4)
  Ijyb (D:2)
  Natasha (thrice) (D:4)
  Terence (D:2)
  2 iguanas (D:4)
  6 worker ants (D:4)
  8 orc wizards
  A hound skeleton (D:5)
  Robin (D:2)
  A gnoll (D:5)
  6 adders
  An ooze (D:2)
  2 worms
  An adder skeleton (D:4)
  2 dart slugs
  4 giant geckos
  21 orcs
  2 giant cockroaches
  16 hobgoblins
  8 jackals (D:4)
  5 kobolds
  4 quokkas
  7 ball pythons
  A ball python skeleton (D:4)
  7 bats
  2 giant newts
  20 goblins
  7 rats
155 creatures vanquished.

Notes
Turn   | Place    | Note
--------------------------------------------------------------
     0 | D:1      | Geeful the Octopode Ice Elementalist began the quest for the Orb.
     0 | D:1      | Reached XP level 1. HP: 11/11 MP: 3/3
   411 | D:1      | Reached XP level 2. HP: 17/17 MP: 5/5
  1434 | D:2      | Noticed Terence
  1477 | D:2      | Found a snail-covered altar of Cheibriados.
  1628 | D:2      | Reached XP level 3. HP: 18/21 MP: 4/6
  1946 | D:2      | Found a sacrificial altar of Ru.
  1952 | D:2      | Reached XP level 4. HP: 4/27 MP: 2/7
  2288 | D:2      | Killed Terence
  2288 | D:2      | Reached skill level 4 in Ice Magic
  2636 | D:2      | Noticed Robin
  2799 | D:2      | Noticed Ijyb
  2869 | D:2      | Reached XP level 5. HP: 23/31 MP: 9/9
  2871 | D:2      | Killed Robin
  3165 | D:2      | Killed Ijyb
  3269 | D:3      | Found a glowing silver altar of Zin.
  3304 | D:3      | Noticed Snazznasty's ghost (amateur DsNe)
  3699 | D:3      | Reached XP level 6. HP: 12/36 MP: 8/11
  3897 | D:3      | Learned a level 4 spell: Throw Icicle
  3901 | D:3      | Learned a level 3 spell: Ozocubu's Armour
  4292 | D:3      | Killed Snazznasty's ghost
  4292 | D:3      | Reached skill level 5 in Ice Magic
  4840 | D:4      | Reached XP level 7. HP: 37/41 MP: 12/12
  5134 | D:4      | Noticed Menkaure
  5149 | D:4      | Killed Menkaure
  5149 | D:4      | Reached skill level 6 in Ice Magic
  5162 | D:4      | Noticed Natasha
  5170 | D:4      | Killed Natasha
  5207 | D:4      | Noticed Natasha
  5220 | D:4      | Killed Natasha
  5477 | D:4      | Reached XP level 8. HP: 42/46 MP: 14/14
  5510 | D:4      | Reached skill level 5 in Dodging
  5679 | D:4      | Noticed Natasha
  5696 | D:4      | Killed Natasha
  5696 | D:4      | Reached skill level 7 in Ice Magic
  5889 | D:5      | Entered Level 5 of the Dungeon
  6384 | D:5      | Found a shadowy altar of Dithmenos.
  6390 | D:5      | Found a white marble altar of Elyvilon.
  6845 | D:4      | Reached skill level 5 in Spellcasting
  7561 | D:5      | Reached skill level 8 in Ice Magic
  8029 | D:5      | Found an iron altar of Okawaru.
  8030 | D:5      | Found a bloodstained altar of Trog.
  8269 | D:5      | Found a stormy altar of Qazlal.
  8298 | D:5      | Became a worshipper of Elyvilon the Healer
  8325 | D:6      | Found an opulent altar of Gozag.
  8343 | D:6      | Reached XP level 9. HP: 51/51 MP: 17/17
  8472 | D:6      | Noticed Snazznasty's ghost (novice TrMo)
  8494 | D:6      | Gained mutation: Your flesh is heat resistant. [potion of mutation]
  8494 | D:6      | Gained mutation: You occasionally shout uncontrollably at your foes. [potion of mutation]
  8494 | D:6      | Gained mutation: You are partially covered in iridescent scales (AC +4). [potion of mutation]
  8498 | D:6      | Slain by Snazznasty's ghost

Vault maps used:
D:1:      dpeg_arrival_round_a, minivault_19
D:2:      nicolae_ru_great_annihilating_truth, lemuel_crystal_altar,
          minmay_joined_circles, uniq_iyjb, uniq_terence, uniq_robin
D:3:      lemuel_crystal_altar
D:4:      uniq_natasha, uniq_menkaure
D:5:      grunt_temple_overflow_bloody_war, nicolae_overflow_hidden_temple,
          first_bread, serial_park_tiny_2
D:6:      grunt_gozag_statues, minmay_temple_entry_overgrown, serial_shops,
          kennysheep_mini_moat

Skill      XL: |  1  2  3  4  5  6  7  8 |
---------------+-------------------------+-----
Dodging        | 3 4 5 |  5.9
Ice Magic      | 4 5 6 8 |  8.3
Spellcasting   | 3 4 5 |  5.4
Stealth        | |  2.6
Conjurations   | |  1.0

Action                   |  1- 3 |  4- 6 |  7- 9 || total
-------------------------+-------+-------+-------++-------
Melee: Unarmed           |     3 |       |       ||     3
       Quarterstaff      |     9 |    84 |       ||    93
       Dagger            |       |    22 |   146 ||   168
       Hand axe          |       |    15 |       ||    15
Throw: Tomahawk          |       |       |     2 ||     2
 Cast: Freeze            |    41 |    36 |    20 ||    97
       Throw Icicle      |       |       |     5 ||     5
       Ozocubu's Armour  |       |       |     1 ||     1
Evoke: Wand              |       |       |     1 ||     1
  Use: Potion            |       |     1 |     6 ||     7
       Scroll            |       |     4 |     1 ||     5
 Stab: Sleeping          |     1 |    12 |     7 ||    20
       Distracted        |       |     3 |       ||     3
  Eat: Chunk             |     3 |    10 |    11 ||    24
